 Dungeon Sprint DCSS version 0.30-a0-840-ga523dec638 (webtiles) character file.

Game seed: 10966995286474609704

945 dialectric the Fighter (level 7, -2/65 HPs)
             Began as a Demonspawn Fighter on Mar 1, 2023.
             Succumbed to a water moccasin's poison
             ... in the Dungeon (Sprint II: "The Violet Keep of Menkaure").
             The game lasted 00:01:10 (127 turns).

dialectric the Fighter (Demonspawn Fighter)          Turns: 127, Time: 00:01:11

Health: -2/65      AC:  8    Str: 18    XL:     7   Next: 89%
Magic:  7/7        EV: 14    Int:  9    God:
Gold:   729        SH:  0    Dex: 13    Spells: 6/6 levels left

rFire   . . .      SeeInvis .    a - +0 long sword
rCold   . . .      Faith    .    (no shield)
rNeg    . . .      Spirit   .    b - +0 scale mail
rPois   .          Reflect  .    (no helmet)
rElec   .          Harm     .    (no cloak)
rCorr   .          Rampage  .    (no gloves)
Will    .....      NoTele   +    (no boots) Stlth
                                 (no amulet)
HPRegen 0.30/turn                (no ring)
MPRegen 0.10/turn                (no ring)

@: lethally poisoned (-2 -> -17), on berserk cooldown, slowed, very slow
A: repulsion field 2, demonic guardian 1, demonic magic 1
a: no special abilities


You were in the Dungeon.
You visited 1 branch You collected 729 gold pieces.

Inventory:

Hand Weapons
 a - a +0 long sword (weapon)
Armour
 b - a +0 scale mail (worn)
 c - a +0 buckler
Scrolls
 j - a scroll of blinking
Potions
 g - a potion of haste
 h - 2 potions of magic


   Skills:
 + Level 9.6 Fighting
 * Level 9.4 Long Blades
 + Level 9.3 Armour
 + Level 4.4 Dodging
 - Level 2.6 Shields


You had 6 spell levels left.
You didn't know any spells.
Your spell library was empty.

Dungeon Overview and Level Annotations

Branches:
Dungeon (1/1)

Altars:

Shops:
D [(:[*[:(?==!

Annotations:
D exclusion: oklob plant


Innate Abilities, Weirdness & Mutations

You are surrounded by a moderate repulsion field. (EV +3)
A weak demonic guardian rushes to your aid.
Spells you cast may paralyse adjacent enemies.


Message History

The water moccasin bites you.
* * * LOW HITPOINT WARNING * * *
You hit the water moccasin.
The water moccasin is heavily wounded.
The water moccasin completely misses you.
The water moccasin bites you.
* * * LOW HITPOINT WARNING * * *
You hit the water moccasin but do no damage.
The water moccasin is moderately wounded.
The water moccasin barely misses you. The water moccasin closely misses you.
You miss the water moccasin.
The water moccasin is moderately wounded.
The water moccasin bites you but does no damage.
You hit the water moccasin.
The water moccasin is heavily wounded.
The water moccasin closely misses you. The water moccasin barely misses you.
The water moccasin bites you.
* * * LOW HITPOINT WARNING * * *
You closely miss the water moccasin.
The water moccasin is moderately wounded.
The water moccasin bites you.
* * * LOW HITPOINT WARNING * * *
The water moccasin closely misses you.
You closely miss the water moccasin.
The water moccasin is moderately wounded.
The water moccasin completely misses you.
The water moccasin bites you.
* * * LOW HITPOINT WARNING * * *
A demonic guardian appears!
You slash the water moccasin!
The water moccasin is severely wounded.
The water moccasin bites you.
* * * LOW HITPOINT WARNING * * *
The water moccasin bites you.
* * * LOW HITPOINT WARNING * * *
You are lethally poisoned!
The water moccasin poisons you!
You barely miss the water moccasin.
The water moccasin is severely wounded.
You die... ########~~~... ......∩#~~~~.## ## .....∩.#~~~~##$ .## ∩...∩.∩#~~~ .. .. .∩.∩...#~~### B#B

### ∩.∩.∩..#~##.#
#+###.## .
.∩.∩..5#S#..###.##...#..
..⌠....@~'##.†.<††##.'..
.......#~#..###.##...#..
▓▓▓▓▓###~##.###'###.##..
${######~~####.#.#### .
.{ ##~~ #.###.# ~ P
+#~## ## ~~ ~~


You could see an oklob plant, a water moccasin (ally target) and a friendly
white imp (summoned).

Vanquished Creatures
  2 wyverns (D)
  A water moccasin (D)
  4 scorpions (D)
  4 necrophages (D)
11 creatures vanquished.

Vanquished Creatures (collateral kills)
  Menkaure (D)
1 creature vanquished.

Grand Total: 12 creatures vanquished

Notes
Turn   | Place    | Note
-------+----------+-------------------------------------------
     0 | D        | dialectric the Demonspawn Fighter began the quest for the
                  | Orb.
     0 | D        | Reached XP level 1. HP: 18/18 MP: 1/1
     8 | D        | Noticed a scorpion
     8 | D        | Noticed a scorpion
     8 | D        | Noticed a scorpion
    10 | D        | Noticed a scorpion
    16 | D        | Killed a scorpion
    17 | D        | Reached skill level 5 in Fighting
    17 | D        | Gained mutation: You are surrounded by a mild repulsion
                  | field. (EV +2) [demonic ancestry]
    17 | D        | Reached XP level 2. HP: 20/27 MP: 2/2
    17 | D        | Gained mutation: You are surrounded by a moderate repulsion
                  | field. (EV +3) [demonic ancestry]
    17 | D        | Reached XP level 3. HP: 24/33 MP: 3/3
    23 | D        | Killed a scorpion
    24 | D        | Reached skill level 5 in Armour
    24 | D        | Gained mutation: A weak demonic guardian rushes to your
                  | aid. [demonic ancestry]
    24 | D        | Reached XP level 4. HP: 25/40 MP: 4/4
    27 | D        | Killed a scorpion
    28 | D        | Gained mutation: Spells you cast may paralyse adjacent
                  | enemies. [demonic ancestry]
    28 | D        | Reached XP level 5. HP: 25/47 MP: 5/5
    30 | D        | Reached skill level 5 in Long Blades
    36 | D        | Noticed a boulder beetle
    36 | D        | Noticed a boulder beetle
    39 | D        | Noticed Menkaure
    49 | D        | Reached XP level 6. HP: 56/56 MP: 6/6
    62 | D        | Killed Menkaure
    66 | D        | Reached XP level 7. HP: 19/63 MP: 7/7
    93 | D        | Noticed a wyvern
    93 | D        | Noticed a wyvern
    99 | D        | Killed a wyvern
   101 | D        | Killed a wyvern
   113 | D        | Found Kaptash's Book Emporium.
   113 | D        | Found Nekleirgh's Magic Scroll Emporium.
   113 | D        | Found Mevvibiedd's General Store.
   113 | D        | Found Beokeyll's Armour Shoppe.
   113 | D        | Found Jikiq's Distillery.
   113 | D        | Found Baurul's Antique Weapon Shoppe.
   113 | D        | Found Tismoba's Jewellery Shoppe.
   113 | D        | Found Tiuxos's Jewellery Shoppe.
   114 | D        | Found Nogyotse's Antique Armour Shoppe.
   114 | D        | Found Odesalil's Book Emporium.
   116 | D        | Found Oqasug's Antique Weapon Emporium.
   116 | D        | Found Reseabohu's Antique Armour Shoppe.
   116 | D        | Noticed an oklob plant
   127 | D        | Succumbed to a water moccasin's poison

Illustrated notes

Levels and vault maps discovered:
D:        the_violet_keep_of_menkaure [sprint2_stairs_cluster_1,
          sprint2_shoproom, sprint2_temple, sprint2_basic_supplies,
          sprint2_obstacle_3, sprint2_obstacle_7, sprint2_obstacle_4,
          sprint2_obstacle_2, sprint2_obstacle_5, sprint2_timed_cluster_1,
          sprint2_smallroom_cluster_1, sprint2_smallroom_final_cluster_1,
          sprint2_transparent_cluster_1, sprint2_second_timed_cluster_1,
          sprint2_sniper_area_1, sprint2_heavy_combat_area_1,
          sprint2_mutation_trap_area_1, sprint2_forest_area_1,
          sprint2_light_combat_area_1, sprint2_behind_water_1,
          sprint2_near_end_vault_1]

Skill      XL: |  1  2  3  4  5  6  7 |
---------------+----------------------+-----
Fighting       | 5 6 7 8 9 |  9.6
Long Blades    | 2 3 4 5 7 9 |  9.4
Armour         | 4 5 6 7 8 9 |  9.3
Dodging        | 3 4 |  4.4
Shields        | |  2.6

Action                     |  1- 3 |  4- 6 |  7- 9 || total
---------------------------+-------+-------+-------++-------
  Melee: Long sword        |    14 |    28 |    31 ||    73
    Use: Potion            |     1 |     2 |     1 ||     4
   Stab: Distracted        |       |     1 |       ||     1
 Armour: Scale mail        |     7 |     6 |    15 ||    28
  Dodge: Dodged            |     9 |    16 |    16 ||    41

Table legend: (Time is in decaauts)
 A = Elapsed time spent in this place.
 B = Non-inter-level travel time spent in this place.
 C = Inter-level travel time spent in this place.
 D = Time resting spent in this place.
 E = Time spent auto-exploring this place.
 F = Levels seen in this place.
 G = Mean time per level.
                   A        B        C        D        E       F      G
               +--------+--------+--------+--------+--------+-----+--------+
         Total |    141 |    141 |      0 |      0 |      0 |   1 |  141.0 |
       Dungeon |    141 |    141 |      0 |      0 |      0 |   1 |  141.0 |
               +--------+--------+--------+--------+--------+-----+--------+

Top non-repeatable levels by time:
       D: 141 daAuts
